 Dungeon Crawl Stone Soup version 0.17-a0-483-g810ce3f (webtiles) character file.

4233 Fluffy the Fighter (level 10, -5/92 HPs)
             Began as a Minotaur Fighter on Apr 8, 2015.
             Was a Believer of the Shining One.
             Slain by a porcupine (10 damage)
             ... on level 8 of the Dungeon.
             The game lasted 00:19:08 (7045 turns).

Fluffy the Fighter (Minotaur Fighter)               Turns: 7045, Time: 00:19:08

Health: -5/92      AC: 16    Str: 27    XL:     10   Next: 9%
Magic:  9/9        EV:  6    Int:  5    God:    the Shining One [**....]
Gold:   325        SH: 12    Dex: 12    Spells: 0 memorised, 9 levels left

rFire  + . .     SeeInvis .     F - +1 falchion (holy)
rCold  . . .     Clarity  .     n - +0 plate armour
rNeg   + . .     SustAb   .     c - +0 shield
rPois  .         Gourm    .     (helmet restricted)
rElec  .         Spirit   .     (no cloak)
rCorr  .         Warding  .     (no gloves)
rMut   .         Stasis   .     A - +1 pair of boots
MR     +....                    (no amulet)
Stlth  ..........               t - ring of protection from magic
                                b - ring of protection from fire

@: mighty, glowing, somewhat resistant to hostile enchantments, extremely
unstealthy
A: retaliatory headbutt, horns 2
a: Divine Shield, Renounce Religion


You were on level 8 of the Dungeon.
You worshipped the Shining One.
The Shining One was pleased with you.
You were hungry.

You visited 1 branch of the dungeon, and saw 8 of its levels.

You collected 325 gold pieces.

Inventory:

Hand weapons
 a - a +0 long sword
 F - a +1 falchion of holy wrath (weapon)
Armour
 c - a +0 shield (worn)
 n - a +0 plate armour (worn)
 A - a +1 pair of boots (worn)
Jewellery
 b - a ring of protection from fire (left hand)
 f - an uncursed ring of fire
 t - a ring of protection from magic (right hand)
Magical devices
 p - a wand of hasting (5)
 r - a wand of paralysis (14)
 y - a wand of heal wounds (4)
Scrolls
 g - 2 scrolls of enchant weapon
 h - a scroll of identify
 i - 3 scrolls of enchant armour
 l - 2 scrolls of remove curse
 w - 4 scrolls of recharging
 x - a scroll of blinking
Potions
 q - a potion of restore abilities
 u - a potion of berserk rage
 v - a potion of heal wounds
 B - a potion of cure mutation
 C - 2 potions of flight
 D - 2 potions of curing
Comestibles
 d - 8 bread rations
 j - 4 meat rations
 k - a beef jerky
 m - 2 royal jellies
 o - a slice of pizza


   Skills:
 + Level 9.7 Fighting
 + Level 9.3 Long Blades
 + Level 9.1 Armour
 + Level 9.5 Shields


You had 9 spell levels left.
You didn't know any spells.

Dungeon Overview and Level Annotations

Branches:
Dungeon (8/15)             Temple (0/1) D:4
   Lair: D:8-11

Altars:
Ashenzari
Cheibriados
Elyvilon
Gozag
The Shining One


Innate Abilities, Weirdness & Mutations

You reflexively headbutt those who attack you in melee.
You have a pair of horns on your head.


Message History

You block the orc warrior's attack.
You slash the orc warrior!
You kill the orc warrior!
The porcupine bites you but does no damage.
You block the yak's attack.
The jackal bites you but does no damage.
The porcupine bites you but does no damage.
You are struck by the porcupine's spines.
* * * LOW HITPOINT WARNING * * *
You hit the porcupine. You headbutt the porcupine!
The porcupine is almost dead.
You slash the porcupine!
You kill the porcupine!
You block the jackal's attack.
You slash the jackal!
You kill the jackal!
You slash the porcupine!
The porcupine is almost dead.
You block the porcupine's attack. The porcupine bites you!
You die...

... .PP....♣. .P....P♣..# #
.P..P....# ### .rP....#
..## r....## ...# r....##
...# #############rr...#..#
...###..........@rr!......#
.......#######.###S....##.#
.......# #..........#
.......# #.#####.##.#
...##..#######.# ## #
...##..........#
...###.######### #.## #.#
#.# #.#


You could see a porcupine, an adder, 2 river rats and a rat.

Vanquished Creatures
  Pikel (D:6)
  The ghost of Zigurun the Grappler, an experienced DrTm (D:5)
  Sigmund (D:3)
  A spriggan (D:7)
  3 orc warriors
  3 yaks (D:8)
  Eustachio (D:5)
  Menkaure (D:5)
  A porcupine (D:8)
  2 black bears
  3 sky beasts
  A centaur (D:5)
  2 ogres
  A giant frog (D:5)
  2 scorpions
  2 crimson imps (D:5)
  A goliath beetle (D:6)
  5 orc priests
  A jelly (D:3)
  A giant frog zombie (D:5)
  5 hounds
  4 orc wizards
  An iguana (D:6)
  10 worker ants
  Robin (D:3)
  8 adders
  A river rat (D:8)
  A shadow imp (D:6)
  4 worms
  5 giant geckos
  16 orcs
  A ball python (D:3)
  14 bats
  A bat skeleton (D:4)
  9 giant cockroaches
  8 hobgoblins
  12 jackals
  10 kobolds
  A giant gecko skeleton (D:4)
  5 giant newts
  13 goblins
  5 quokkas
  A quokka skeleton (D:4)
  12 rats
182 creatures vanquished.

Vanquished Creatures (others)
  A slave (D:6)
  A crimson imp (D:6)
  An orc priest (D:6)
  A worker ant (D:6)
  A giant spore (D:6)
  2 fungi (D:8)
7 creatures vanquished.

Grand Total: 189 creatures vanquished

Notes
Turn   | Place    | Note
--------------------------------------------------------------
     0 | D:1      | Fluffy, the Minotaur Fighter, began the quest for the Orb.
     0 | D:1      | Reached XP level 1. HP: 19/19 MP: 0/0
   271 | D:1      | Reached XP level 2. HP: 18/27 MP: 1/1
   277 | D:1      | Reached skill level 4 in Shields
   830 | D:2      | Reached XP level 3. HP: 20/33 MP: 2/2
  1025 | D:2      | Found a glowing golden altar of the Shining One.
  1029 | D:2      | Found a snail-covered altar of Cheibriados.
  1031 | D:2      | Found an opulent altar of Gozag.
  1052 | D:2      | Became a worshipper of the Shining One
  1230 | D:3      | Found a shattered altar of Ashenzari.
  1365 | D:3      | Reached XP level 4. HP: 39/41 MP: 3/3
  1479 | D:3      | Noticed Robin
  1493 | D:3      | Killed Robin
  1836 | D:3      | Reached XP level 5. HP: 45/47 MP: 4/4
  1989 | D:3      | Noticed Sigmund
  2000 | D:3      | Killed Sigmund
  2000 | D:3      | Reached skill level 5 in Fighting
  2000 | D:3      | Reached skill level 5 in Shields
  2000 | D:3      | Reached XP level 6. HP: 43/56 MP: 5/5
  2112 | D:4      | Reached skill level 5 in Long Blades
  2215 | D:4      | Acquired the Shining One's first power
  2265 | D:4      | Reached skill level 5 in Armour
  2283 | D:4      | Reached XP level 7. HP: 62/62 MP: 6/6
  2288 | D:4      | Found a staircase to the Ecumenical Temple.
  2720 | D:4      | Reached skill level 6 in Fighting
  3215 | D:5      | Entered Level 5 of the Dungeon
  3274 | D:5      | Noticed Zigurun's ghost (experienced DrTm)
  3306 | D:5      | HP: 2/63 [Zigurun's ghost/bolt of negative energy (27)]
  3749 | D:5      | Found a white marble altar of Elyvilon.
  3963 | D:5      | Reached XP level 8. HP: 64/71 MP: 7/7
  3976 | D:5      | Noticed Menkaure
  3982 | D:5      | Killed Menkaure
  3982 | D:5      | Reached skill level 7 in Fighting
  4001 | D:5      | Noticed Eustachio
  4021 | D:5      | Killed Eustachio
  4021 | D:5      | Acquired the Shining One's second power
  4159 | D:5      | HP: 1/73 [Zigurun's ghost/bolt of negative energy (10)]
  4652 | D:5      | Killed Zigurun's ghost
  4877 | D:5      | Reached skill level 8 in Fighting
  4881 | D:5      | Reached XP level 9. HP: 52/81 MP: 8/8
  5262 | D:6      | Noticed Pikel
  5281 | D:6      | Killed Pikel
  5456 | D:6      | Reached skill level 9 in Fighting
  7020 | D:8      | Reached XP level 10. HP: 35/92 MP: 9/9
  7042 | D:8      | HP: 4/92 [porcupine's spines (10)]
  7045 | D:8      | Slain by a porcupine

Action                   |  1- 3 |  4- 6 |  7- 9 | 10-12 || total
-------------------------+-------+-------+-------+-------++-------
Melee: Long sword        |   113 |   126 |   159 |       ||   398
       Falchion          |       |       |   288 |    19 ||   307
  Use: Scroll            |       |     5 |    19 |       ||    24
       Potion            |       |       |       |     1 ||     1
  Eat: Chunk             |     1 |     4 |    15 |       ||    20
